AoeStats
← [CL] Al3jandr0.magn00

Arabia

504273531Analyzed
1v1 RM · 28d ago on Sep 4, 2026· 39m 58s· 2 players
Game mode
Random Map
Map size
Tiny (2 player)
Population
200
Speed
Normal
Resources
Standard
Victory
Conquest
Starting age
Dark Age
Ending age
Imperial Age
RankedLock teamsTeams togetherTeam positionsShared explorationLock speedFull tech treeHidden civsTurbo modeCheats
Victory
Defeat
🇦🇷 Poles · Argentina
1866
+18
🇺🇸 Georgians · United States
1913
-18
[CL] Al3jandr0.magn00
6:25 Loom
9:35 Feudal Age
10:04 Double-Bit Axe
9:59 Horse Collar
17:23 Scale Mail Armor
21:06 Castle Age
19:07 Fletching
20:35 Forging
20:30 Scale Barding Armor
21:14 Bloodlines
22:08 Bow Saw
26:08 Chain Barding Armor
28:29 Husbandry
29:59 Wheelbarrow
30:58 Town Watch
31:31 Town Watch
32:02 Hand Cart
36:17 Imperial Age
34:47 Szlachta Privileges
35:23 Heavy Plow
35:14 Gold Mining
36:21 Cavalier
37:37 Iron Casting
39:49 Conscription
dylanrobinson54
8:08 Feudal Age
6:25 Loom
10:19 Double-Bit Axe
20:32 Horse Collar
23:31 Wheelbarrow
25:42 Castle Age
24:54 Bloodlines
25:00 Fletching
26:39 Gold Mining
26:50 Bodkin Arrow
27:08 Husbandry
27:43 Bow Saw
28:50 Ballistics
29:13 Padded Archer Armor
29:04 Town Watch
30:36 Stone Mining
30:58 Heavy Plow
37:40 Imperial Age
38:56 Bracer
Connection lost

Rejoining the realm…

Still unreachable

The connection could not be restored.

Session expired

The server has moved on; the page needs a fresh start.